 Dungeon Crawl Stone Soup version 0.29-a0-716-gf28ee254f9 (webtiles) character file.

Game seed: 3997409875630489270

20103 Haaias the Bludgeoner (level 12, -1/86 (92) HPs)
             Began as a Minotaur Berserker on June 26, 2022.
             Was an Elder of Trog.
             Slain by a shadow wraith (18 damage)
             ... on level 12 of the Dungeon.
             The game lasted 00:23:53 (11666 turns).

Haaias the Bludgeoner (Minotaur Berserker)         Turns: 11666, Time: 00:23:54

HP:   -1/86 (92)    AC: 27    Str: 27    XL:     12   Next: 42%
MP:   20/20         EV:  5    Int:  4    God:    Trog [****..]
Gold: 1064          SH:  9    Dex: 10    Spells: 11/11 levels left

rFire   . . .      SeeInvis .   k - +10 flail "Zaisuf" {vorpal, rN+}
rCold   . . .      Faith    .   Q - +0 kite shield
rNeg    + + .      Spirit   .   c - +1 crystal plate armour
rPois   +          Reflect  .   d - +1 hat {Stlth+}
rElec   .          Harm     .   y - +0 cloak
rCorr   +          Rampage  .   t - +0 pair of gloves
Will    ++...                   r - +0 pair of boots
Stlth   ..........              S - amulet "Seimounol" {Acrobat rPois rN+ Regen+ MP+9}
HPRegen 2.04/turn               f - ring of flight
MPRegen 0.17/turn               H - ring of resist corrosion

@: about to teleport, strong-willed, on berserk cooldown, flying, regenerating,
slowed, drained, very slow
A: horns 2, retaliatory headbutt
a: Renounce Religion, Berserk, Trog's Hand, Brothers in Arms


You were on level 12 of the Dungeon.
You worshipped Trog.
Trog was greatly pleased with you.
You visited 2 branches of the dungeon, and saw 13 of its levels.

You collected 1064 gold pieces.

Inventory:

Hand Weapons
 a - a +0 war axe of freezing
 b - a +5 broad axe of flaming
 k - the +10 flail "Zaisuf" (weapon) {vorpal, rN+}
   (You found it on level 10 of the Dungeon)

   It inflicts extra damage upon your enemies.
   rN:        It protects you from negative energy.
 D - the +6 shillelagh "Devastator" {shatter}
   (You found it on level 5 of the Dungeon)

   It releases a powerful concussive burst when it strikes, dealing extra damage
   to the target and all other foes adjacent to them.
 M - a +2 vorpal hand axe
 O - a +0 war axe
 P - a +0 battleaxe
Missiles
 n - 26 poisoned darts (quivered)
 u - a throwing net
Armour
 c - a +1 crystal plate armour (worn)
 d - a +1 hat of stealth (worn)
 r - a +0 pair of boots (worn)
 t - a +0 pair of gloves (worn)
 y - a +0 cloak (worn)
 L - a scarf of invisibility
 Q - a +0 kite shield (worn)
Jewellery
 f - a ring of flight (left hand)
 v - a ring of fire
 H - a ring of resist corrosion (right hand)
 I - a +4 ring of protection
 S - the amulet "Seimounol" (around neck) {Acrobat rPois rN+ Regen+ MP+9}
   (You found it on level 9 of the Dungeon)

   [amulet of the acrobat]

   It increases your evasion while moving and waiting.
   rPois:     It protects you from poison.
   rN:        It protects you from negative energy.
   MP:        It affects your magic capacity (+9).
   Regen:     It increases your rate of health regeneration.
Wands
 l - a wand of flame (18)
 F - a wand of mindburst (11)
 J - a wand of quicksilver (8)
 U - a wand of charming (1)
Scrolls
 h - a scroll of vulnerability
 i - a scroll of fear
 p - 2 scrolls of poison
 q - 2 scrolls of magic mapping
 s - 5 scrolls of teleportation
 E - 2 scrolls of enchant weapon
 K - a scroll of immolation
 N - a scroll of fog
Potions
 e - 8 potions of brilliance
 g - 4 potions of curing
 j - 2 potions of flight
 m - a potion of might
 o - 2 potions of haste
 w - a potion of cancellation {unknown}
 x - 2 potions of lignification {unknown}
 z - 2 potions of heal wounds
 A - 3 potions of degeneration
 B - 2 potions of ambrosia {unknown}
 C - 3 potions of mutation
 G - a potion of resistance {unknown}
 R - a potion of invisibility {unknown}
Miscellaneous
 T - a phantom mirror


   Skills:
 - Level 4.7 Fighting
 * Level 13.0(16.2) Axes
 * Level 15.1(17.0) Maces & Flails
 - Level 4.2(9.4) Polearms
 + Level 0.3 Throwing
 + Level 11.4 Armour
 + Level 4.2 Dodging
 + Level 1.2 Stealth
 + Level 7.1 Shields


You had 11 spell levels left.
You didn't know any spells.
Your spell library was empty.

Dungeon Overview and Level Annotations

Branches:
Dungeon (12/15)            Temple (1/1) D:6            Lair (0/6) D:10
    Orc (0/2) D:11

Altars:
Ashenzari
Hepliaklqana
Kikubaaqudgha
Makhleb
Okawaru
Sif Muna
Xom
Yredelemnul
Zin
Beogh

Shops:
D:3 ?:=   D:4 :   D:6 *

Annotations:
D:12 Ryse's ghost, journeyman NaFi


Innate Abilities, Weirdness & Mutations

You have a pair of horns on your head.
You reflexively headbutt those who attack you in melee.


Message History

You block Ryse's ghost's attack.
Your ogre misses Ryse's ghost.
Ryse's ghost says, "Your head on a pike would complement this floor nicely."
Ryse's ghost hits you but does no damage.
You partially resist. Something hits you but does no damage.
Something hits you but does no damage. Ryse's ghost attacks as you move away!
Ryse's ghost hits you but does no damage.
You partially resist.
Your ogre closely misses Ryse's ghost.
Ryse's ghost barely misses your ogre.
You sock something! Your headbutt misses something.
Your ogre misses Ryse's ghost. Something hits you!
Something drains your vigour!
You feel as though you will be slow longer.
Ryse's ghost hits your ogre!! Ryse's ghost drains your ogre!
Your ogre dies!
Your ogre's corpse disappears in a puff of smoke!
Something hits you!
You thump Ryse's ghost!
Ryse's ghost is moderately damaged.
Something hits you but does no damage.
Ryse's ghost whispers, "Trust me.
Just give in."
Ryse's ghost hits you but does no damage.
You partially resist.
Your skin crawls.
You feel strong-willed. Trog will no longer gift you weapons.
Something hits you! Something drains your vigour!
You feel as though you will be slow longer.
Ryse's ghost hits you. You partially resist.
You feel drained.
As you read the scroll of teleportation, it crumbles to dust.
You feel strangely unstable. Something hits you but does no damage.
Ryse's ghost hits you!
* * * LOW HITPOINT WARNING * * *
You partially resist.
You feel drained.
* * * LOW HITPOINT WARNING * * *
Ryse's ghost hits you but does no damage.
You partially resist. Something hits you but does no damage.
You sock Ryse's ghost!
Ryse's ghost is heavily damaged.
Something hits you!!
You die...

..#.....≈≈≈≈≈...# ####.#
##########'''###≈≈≈≈.###.#....###
#......#.WW{W..#≈≈≈≈≈....#.###...
#......##.W...##≈≈≈≈.#####.#.#...
#......#.......#≈≈≈......#.#.....
#......##.[=(.##≈≈##.###.#.#.###+
#......#..8.8$.#≈.<....#.#.#.#
#......#########.W...#.#.#.#.#
#..........#....@#.#...#.#.#.#
#.......##.#.......#...#.#.#.#
#.......##.#.......#.........#
≈#########.#.....#.#####.#.### #.
≈≈..# #.#.#.....(.....#... ..
≈≈≈.# #.#.(.>############## #.
≈≈≈≈######.###.............#
≈≈≈≈...........###########.#
≈≈≈#######.....# #.# #.


You could see Ryse's ghost.

Vanquished Creatures
  Gastronok (D:10)
  A boulder beetle (D:12)
  A centaur warrior (D:9)
  3 two-headed ogres
  Nergalle (D:10)
  5 skeletal warriors (D:12)
  A flayed ghost (D:12)
  A deep elf pyromancer (D:9)
  A deep elf zephyrmancer (D:9)
  A manticore (D:12)
  A kobold demonologist (D:10)
  A hornet (D:9)
  5 trolls
  3 wraiths
  The ghost of JosephDoom the Slasher, an amateur TrFi (D:4)
  A water elemental (D:12)
  2 wyverns
  14 yaks
  A steam dragon (D:9)
  3 vampire mosquitoes (D:11)
  A water moccasin (D:6)
  2 acid dragons (D:9)
  4 orc warriors
  3 sky beasts
  3 black bears
  3 ogres
  2 centaurs
  2 phantoms (D:5)
  3 bullfrogs (D:10)
  2 kobold brigands
  3 scorpions
  3 gnoll sergeants
  10 killer bees
  4 howler monkeys
  2 electric eels (D:8)
  A bullfrog zombie (D:4)
  3 hounds
  2 jellies
  A bullfrog skeleton (D:4)
  A gnoll shaman (D:8)
  12 orc priests
  Ijyb (D:5)
  2 iguanas
  11 orc wizards
  7 adders
  7 gnolls
  A shadow imp (D:5)
  A white imp (D:8)
  2 worms
  2 dart slugs
  35 orcs
  5 ball pythons
  8 bats
  9 endoplasms
  4 giant cockroaches
  4 hobgoblins
  3 jackals (D:4)
  9 kobolds
  3 quokkas
  4 frilled lizards
  7 goblins
  4 rats
244 creatures vanquished.

Vanquished Creatures (collateral kills)
  A two-headed ogre (D:9)
  A kobold demonologist (D:9)
  A tengu conjurer (D:9)
  A wyvern (D:9)
  2 yaks (D:9)
  A water moccasin (D:9)
  A killer bee (D:9)
  A howler monkey (D:9)
  2 orc priests (D:9)
  A gnoll shaman (D:9)
12 creatures vanquished.

Vanquished Creatures (others)
  10 fungi (D:10)
  51 plants
61 creatures vanquished.

Grand Total: 317 creatures vanquished

Notes
Turn   | Place    | Note
-------+----------+-------------------------------------------
     0 | D:1      | Haaias the Minotaur Berserker began the quest for the Orb.
     0 | D:1      | Reached XP level 1. HP: 19/19 MP: 0/0
   580 | D:1      | Reached XP level 2. HP: 11/27 MP: 1/1
  1432 | D:2      | Reached XP level 3. HP: 33/33 MP: 2/2
  1455 | D:2      | Reached ** piety under Trog
  1964 | D:3      | Found Udyizieg's Magic Scroll Shop.
  1970 | D:3      | Found Bilekhet's Book Shop.
  2408 | D:3      | Reached XP level 4. HP: 41/41 MP: 3/3
  2424 | D:3      | Reached skill level 5 in Axes
  2429 | D:3      | Reached skill level 1 in Shields
  2429 | D:3      | Reached XP level 5. HP: 47/47 MP: 4/4
  2512 | D:3      | Found Utimasueh's Jewellery Emporium.
  2725 | D:3      | Reached skill level 1 in Polearms
  2753 | D:3      | Found a faded altar of an unknown god.
  2806 | D:3      | Found a shimmering altar of Xom.
  2837 | D:3      | Found a basalt altar of Yredelemnul.
  3068 | D:4      | Found a runed translucent gate.
  3068 | D:4      | Found a runed translucent gate.
  3068 | D:4      | Found a runed translucent gate.
  3069 | D:4      | Noticed JosephDoom's ghost (amateur TrFi)
  3166 | D:4      | Noticed a black bear
  3172 | D:4      | Killed a black bear
  3173 | D:4      | Reached skill level 1 in Maces & Flails
  3173 | D:4      | Reached XP level 6. HP: 52/53 MP: 5/5
  3287 | D:4      | Reached *** piety under Trog
  3330 | D:4      | Found Sefroj's Book Shop.
  4471 | D:4      | Killed JosephDoom's ghost
  4472 | D:4      | Reached skill level 2 in Maces & Flails
  4472 | D:4      | Reached skill level 1 in Stealth
  4472 | D:4      | Reached XP level 7. HP: 44/60 MP: 6/6
  4665 | D:5      | Entered Level 5 of the Dungeon
  4743 | D:5      | Noticed Ijyb
  4763 | D:5      | Killed Ijyb
  4952 | D:5      | Reached skill level 5 in Armour
  4969 | D:5      | Found the +6 shillelagh "Devastator" {shatter}
  5012 | D:5      | Reached XP level 8. HP: 64/67 MP: 7/7
  5066 | D:5      | Reached skill level 3 in Maces & Flails
  5202 | D:5      | Found a sand-covered staircase.
  5748 | D:6      | Found a staircase to the Ecumenical Temple.
  5761 | D:6      | Reached skill level 4 in Maces & Flails
  5784 | D:6      | Found Ybbud's CLEARANCE SALE!.
  6097 | Temple   | Entered the Ecumenical Temple
  6119 | D:7      | Reached **** piety under Trog
  6127 | D:7      | Reached skill level 5 in Maces & Flails
  6333 | D:7      | Reached XP level 9. HP: 67/72 MP: 8/8
  6685 | D:8      | Reached skill level 6 in Maces & Flails
  6710 | D:8      | Reached skill level 7 in Maces & Flails
  6821 | D:8      | Found a glowing silver altar of Zin.
  6905 | D:8      | Reached skill level 8 in Maces & Flails
  7108 | D:8      | Reached skill level 9 in Maces & Flails
  7786 | D:9      | Reached ***** piety under Trog
  7925 | D:9      | Reached skill level 10 in Maces & Flails
  7925 | D:9      | Reached XP level 10. HP: 69/80 MP: 9/9
  7946 | D:9      | Noticed a centaur warrior
  7946 | D:9      | Noticed a deep elf pyromancer
  7949 | D:9      | Noticed a deep elf zephyrmancer
  8278 | D:9      | Noticed a two-headed ogre
  8283 | D:9      | Reached skill level 10 in Axes
  8283 | D:9      | Noticed an orange demon
  8284 | D:9      | Killed a two-headed ogre
  8285 | D:9      | Reached skill level 11 in Maces & Flails
  8307 | D:9      | Killed a centaur warrior
  8308 | D:9      | Reached skill level 12 in Maces & Flails
  8341 | D:9      | Killed a deep elf pyromancer
  8350 | D:9      | Reached XP level 11. HP: 26/85 MP: 10/10
  8475 | D:9      | Killed a deep elf zephyrmancer
  8524 | D:9      | Identified the amulet "Seimounol" {Acrobat rPois rN+ Regen+
                  | MP+9}
  8881 | D:9      | Reached skill level 13 in Maces & Flails
  8881 | D:9      | Reached skill level 5 in Shields
  9353 | D:10     | Entered Level 10 of the Dungeon
  9377 | D:10     | Noticed Gastronok
  9386 | D:10     | Reached skill level 10 in Armour
  9395 | D:10     | Killed Gastronok
  9425 | D:10     | Noticed a two-headed ogre
  9434 | D:10     | Killed a two-headed ogre
  9547 | D:10     | Identified the +10 flail "Zaisuf" {vorpal, rN+}
  9568 | D:10     | Noticed Nergalle
  9576 | D:10     | Killed Nergalle
  9687 | D:10     | Found a staircase to the Lair.
 10031 | D:11     | Found a staircase to the Orcish Mines.
 10760 | D:12     | Noticed a two-headed ogre
 10768 | D:12     | Killed a two-headed ogre
 10769 | D:12     | Reached skill level 14 in Maces & Flails
 10837 | D:12     | Reached XP level 12. HP: 87/92 MP: 11/11
 10977 | D:12     | Noticed a boulder beetle
 10991 | D:12     | Killed a boulder beetle
 11059 | D:12     | Noticed a two-headed ogre
 11066 | D:12     | Killed a two-headed ogre
 11489 | D:12     | Reached skill level 15 in Maces & Flails
 11533 | D:12     | Found a runed translucent gate.
 11533 | D:12     | Found a runed translucent gate.
 11533 | D:12     | Found a runed translucent gate.
 11540 | D:12     | Noticed Ryse's ghost (journeyman NaFi)
 11666 | D:12     | Slain by a shadow wraith

Illustrated notes

Levels and vault maps discovered:
D:1:      evilmike_arrival_rings, layout_rooms, minmay_box_of_dots
D:2:      layout_basic, minmay_door_square
D:3:      layout_rooms, xom_butterflies, mainiacjoe_overflow_six_doors_small,
          serial_shops, shop, nicolae_shop_hallway_plus, shop,
          chequers_ecumenical_altar_grove
D:4:      layout_layer_cave, gammafunk_ghost_necromancy, serial_shops,
          nicolae_stop_n_shop_1, kennysheep_another_room, kennysheep_cross_room,
          kennysheep_orc_chapel
D:5:      layout_loops_corners, lightli_ossuary_entry_decrepit_ruins,
          corexii_shack, dilly_guarded_unrand_devastator, uniq_ijyb
D:6:      layout_rooms, minmay_temple_entry_crystal_x, nicolae_shop_clearance
D:7:      layout_loops_ring
D:8:      layout_cave_pods, amcnicky_altar_gilded, serial_bayou,
          serial_bayou_shore_a, serial_bayou_pond_c, serial_bayou_lagoon_a,
          serial_bayou_pond_b
D:9:      minmay_the_grid_4x2 [minmay_the_grid_dragon_b,
          minmay_the_grid_outer_circle, minmay_the_grid_empty,
          minmay_the_grid_large_cup, minmay_the_grid_tri_star,
          minmay_the_grid_embedded, minmay_the_grid_minigrid_small,
          minmay_the_grid_prize_diamond_cup], layout_basic
D:10:     layout_roguey, grunt_lair_entry_orc_guard_hut, uniq_nergalle,
          uniq_gastronok
D:11:     layout_cave_pods, orc_0_dummy
D:12:     layout_basic, gammafunk_ghost_spectres
Temple:   compressed_dpeg_triangle_lava_temple

Skill      XL: |  1  2  3  4  5  6  7  8  9 10 11 12 |
---------------+-------------------------------------+-----
Fighting       | 4 |  4.7
Axes           | 4 5 6 7 8 9 10 12 13 | 13.0
Armour         | 3 4 5 6 7 9 10 11 | 11.4
Shields        | 1 2 3 4 6 7 |  7.1
Polearms       | 1 2 3 4 |  4.2
Maces & Flails | 1 2 5 10 12 14 15 | 15.1
Dodging        | 3 4 |  4.2
Stealth        | 1 |  1.2
Throwing       | |  0.3

Action                   |  1- 3 |  4- 6 |  7- 9 | 10-12 || total
-------------------------+-------+-------+-------+-------++-------
Melee: Hand axe          |    77 |    97 |    59 |       ||   233
       Headbutt          |     8 |    17 |    67 |    43 ||   135
       Shillelagh        |       |       |   198 |    81 ||   279
       Flail             |       |       |       |   177 ||   177
       Broad axe         |       |       |       |    34 ||    34
Throw: Dart              |       |     1 |       |       ||     1
       Throwing net      |       |     1 |       |       ||     1
Invok: Berserk           |       |     3 |     1 |     5 ||     9
       Trog's Hand       |       |       |       |     3 ||     3
       Brothers in Arms  |       |       |       |     3 ||     3
  Use: Scroll            |     3 |       |     9 |    15 ||    27
Armor: Animal skin       |    12 |       |       |       ||    12
       Ring mail         |    10 |    44 |       |       ||    54
       Crystal plate arm |       |       |   103 |   179 ||   282
Dodge: Dodged            |    47 |    49 |    26 |    70 ||   192
Block: Buckler           |     4 |    14 |    20 |    14 ||    52
       Kite shield       |       |       |       |    91 ||    91

Table legend: (Time is in decaauts)
 A = Elapsed time spent in this place.
 B = Non-inter-level travel time spent in this place.
 C = Inter-level travel time spent in this place.
 D = Time resting spent in this place.
 E = Time spent auto-exploring this place.
 F = Levels seen in this place.
 G = Mean time per level.
                   A        B        C        D        E       F      G
               +--------+--------+--------+--------+--------+-----+--------+
         Total |  11677 |  11276 |    401 |   2770 |   6548 |  13 |  898.2 |
       Dungeon |  11675 |  11274 |    401 |   2770 |   6548 |  12 |  972.9 |
        Temple |      1 |      1 |      0 |      0 |      0 |   1 |    1.0 |
               +--------+--------+--------+--------+--------+-----+--------+

Top non-repeatable levels by time:
     D:4: 2094 daAuts
     D:9: 1657 daAuts
     D:1: 1298 daAuts
     D:5: 1024 daAuts
     D:8: 991 daAuts
    D:12: 948 daAuts
    D:11: 929 daAuts
     D:2: 672 daAuts
     D:3: 641 daAuts
     D:7: 564 daAuts
    D:10: 433 daAuts
     D:6: 420 daAuts
  Temple: 1 daAuts
